 Dungeon Crawl Stone Soup version 0.31-a0-187-gba352fbbf7 (webtiles) character file.

Game seed: 8819888584011190482

2367 qw the Skirmisher (level 9, -1/46 (50) HPs)
             Began as a Deep Elf Hunter on June 22, 2023.
             Was a Follower of Okawaru.
             Slain by a wight
             ... wielding a +3 dire flail of freezing
              (6 damage)
             ... on level 6 of the Dungeon.
             The game lasted 00:03:07 (5993 turns).

qw the Skirmisher (Deep Elf Hunter)                 Turns: 5993, Time: 00:03:07

HP:   -1/46 (50)    AC:  4    Str: 12    XL:     9   Next: 21%
MP:   12/14         EV: 19    Int: 12    God:    Okawaru [*.....]
Gold: 344           SH:  0    Dex: 18    Spells: 8/8 levels left

rFire   . . .        Y - +0 shortbow
rCold   . . .        (shield currently unavailable)
rNeg    . . .        d - +1 robe of Fedhas's Outrage {rElec rCorr Int-3 SInv}
rPois   .            l - +0 helmet
rElec   +            (no cloak)
rCorr   +            (no gloves)
SInv    +            (no boots)
Will    .....        o - amulet of regeneration
Stlth   +++          (no ring)
HPRegen 1.07/turn    (no ring)
MPRegen 0.14/turn

%: no passive effects
@: heroic, drained
A: no striking features
a: Renounce Religion, Heroism


You were on level 6 of the Dungeon.
You worshipped Okawaru.
Okawaru was aware of your devotion.
You visited 2 branches of the dungeon, and saw 8 of its levels.

You collected 344 gold pieces.


   Skills:
 - Level 3.0(8.0) Fighting
 - Level 14.0(19.0) Ranged Weapons
 + Level 5.7(10.7) Dodging
 - Level 1.2(6.2) Stealth
 - Level 4.5 Invocations


You had 8 spell levels left.
You didn't know any spells.
Your spell library was empty.

Inventory:

Hand Weapons
 Y - a +0 shortbow (weapon)
Armour
 c - a +0 ring mail
 d - the +1 robe of Fedhas's Outrage (worn) {rElec rCorr Int-3 SInv}
   (You found it on level 2 of the Dungeon)

   Int:       It affects your intelligence (-3).
   rElec:     It insulates you from electricity.
   SInv:      It lets you see invisible.
   rCorr:     It protects you from acid and corrosion.
 l - a +0 helmet (worn)
Jewellery
 o - an amulet of regeneration (around neck)
Scrolls
 a - a scroll of identify
Potions
 b - 2 potions of curing
 e - a potion of magic
 f - a potion of might
 g - a potion of enlightenment
 i - a potion of invisibility {unknown}
 j - a potion of mutation {unknown}
 k - a potion of haste
 m - a potion of cancellation {unknown}
 n - a potion of resistance {unknown}
 p - a potion of attraction {unknown}

Dungeon Overview and Level Annotations

Branches:
Dungeon (7/15)             Temple (1/1) D:4

Altars:
Ashenzari
Cheibriados
Dithmenos
Elyvilon
Fedhas
Gozag
Hepliaklqana
Kikubaaqudgha
Makhleb
Nemelex Xobeh
Okawaru
Qazlal
Ru
Sif Muna
Trog
Uskayaw
Vehumet
Wu Jian
Xom
Yredelemnul
Zin
The Shining One

Shops:
D:6 :

Annotations:
D:7 2 transporters


Message History

Enter note:
Enter note:
Enter note:
Enter note:
Enter note:
5969 ||| FLEEEEING.
5970 ||| FLEEEEING.
There is a stone staircase leading up here.
5971 ||| STAIRDANCE You climb upwards.
There is a stone staircase leading down here.
You start resting.
HP restored.
Done exploring.
5987 ||| READING 2 scrolls of identify.
As you read the scroll of identify, it crumbles to dust.
g - a potion of enlightenment;
5987 ||| IDENTIFYING coppery potion Done exploring.
(D) Dungeon (T) Temple
Where to? (* - list waypoints, Enter - D:7, ? - help)
What level of the Dungeon? (default 1, ? - help)
You climb downwards.
Level annotation: 2 transporters The wight closely misses you.
The wight hits you with a +3 dire flail of freezing!
You feel drained. The wight freezes you.
There is a stone staircase leading up here.
5990 ||| STAIRDANCE The wight hits you with a +3 dire flail of freezing!
The wight freezes you.
You climb upwards.
There is a stone staircase leading down here.
5992 ||| INVOKING Heroism.
You gain the combat prowess of a mighty hero.
The wight completely misses you.
You shoot an arrow. The arrow hits the wight!
The wight is heavily damaged.
The wight hits you with a +3 dire flail of freezing!
You feel drained. The wight freezes you.
You die...

.....#.##...##.#.# #.##
.....+}.##.##.}'.# #.#
.....#...#'#...#.###.#########
.....##...'...##..##.........#
......##.....##...##.........#
.......##.}.##....#..........#
######..##.##..#..#.##########
#........#+#............#
#'######..+....#@....##.#
........#........z...##.########
........##......####.##........#
...###..##........##..'........#
...###.########.#.#####........#
...###.# ###...#.#####........#
....#..# #..........##........#
....#..# #..........##......(.#
...._..## #..........##........#


You could see a wight.

Vanquished Creatures
  Grinder (D:6)
  A sky beast (D:4)
  3 ice beasts (D:5)
  2 ogres
  3 phantoms (D:5)
  A bullfrog (D:7)
  A gnoll sergeant (D:5)
  A scorpion (D:4)
  9 wights
  4 killer bees (D:7)
  A hound (D:4)
  4 jellies
  An orc priest (D:4)
  Ijyb (D:4)
  2 orc wizards
  Robin (D:4)
  10 adders
  9 gnolls
  A shadow imp (D:6)
  3 white imps
  3 worms
  6 dart slugs
  9 orcs
  6 ball pythons
  7 endoplasms (D:1)
  5 giant cockroaches
  11 goblins
  11 hobgoblins
  3 jackals (D:4)
  10 kobolds
  7 quokkas
  3 bats
  A frilled lizard (D:1)
  7 rats
148 creatures vanquished.

Notes
Turn   | Place    | Note
-------+----------+-------------------------------------------
     0 | D:1      | qw the Deep Elf Hunter began the quest for the Orb.
     0 | D:1      | Reached XP level 1. HP: 12/12 MP: 3/3
     0 | D:1      | 0 ||| qw: Version: 0.3-a-9-g12657ce
     0 | D:1      | 0 ||| qw: Game counter: 2074
     0 | D:1      | 0 ||| qw: Always use a shield: true
     0 | D:1      | 0 ||| qw: God list: Okawaru
     0 | D:1      | 0 ||| qw: Allow faded altars: false
     0 | D:1      | 0 ||| qw: Do Orc after D:15 true
     0 | D:1      | 0 ||| qw: Do second Lair branch before Depths: true
     0 | D:1      | 0 ||| qw: Lair rune preference: random
     0 | D:1      | 0 ||| qw: Plans: Normal
     0 | D:1      | 0 ||| PLANNING D:1-11
   312 | D:1      | Reached skill level 6 in Ranged Weapons
   312 | D:1      | Reached XP level 2. HP: 11/16 MP: 4/4
   537 | D:1      | 537 ||| FLEEEEING.
   538 | D:1      | 538 ||| FLEEEEING.
   539 | D:1      | 539 ||| FLEEEEING.
   540 | D:1      | 540 ||| FLEEEEING.
   541 | D:1      | 541 ||| FLEEEEING.
   542 | D:1      | 542 ||| FLEEEEING.
   543 | D:1      | 543 ||| FLEEEEING.
   544 | D:1      | 544 ||| FLEEEEING.
   545 | D:1      | 545 ||| FLEEEEING.
   546 | D:1      | 546 ||| FLEEEEING.
   547 | D:1      | 547 ||| FLEEEEING.
   548 | D:1      | 548 ||| FLEEEEING.
   549 | D:1      | 549 ||| FLEEEEING.
   550 | D:1      | 550 ||| FLEEEEING.
   551 | D:1      | 551 ||| FLEEEEING.
   552 | D:1      | 552 ||| FLEEEEING.
   553 | D:1      | 553 ||| FLEEEEING.
   554 | D:1      | 554 ||| FLEEEEING.
   555 | D:1      | 555 ||| FLEEEEING.
   556 | D:1      | 556 ||| FLEEEEING.
   557 | D:1      | 557 ||| FLEEEEING.
   754 | D:1      | Reached XP level 3. HP: 20/20 MP: 5/5
  1022 | D:1      | 1022 ||| UPGRADING to +0 scale mail.
  1032 | D:1      | 1032 ||| DROPPING +0 leather armour.
  1033 | D:1      | 1033 ||| READING scroll labelled ICROSHR CAEX.
  1034 | D:1      | 1034 ||| READING scroll labelled TARAMM FOGERE.
  1035 | D:1      | 1035 ||| READING scroll labelled POICZO CEOLO.
  1036 | D:1      | 1036 ||| READING scroll labelled TIQEZ NEEVUE.
  1037 | D:1      | 1037 ||| READING scroll labelled DUEVEC FOIDO.
  1038 | D:1      | 1038 ||| DRINKING 2 pink potions.
  1039 | D:1      | 1039 ||| DROPPING scroll of butterflies.
  1040 | D:1      | 1040 ||| DROPPING potion of degeneration.
  1108 | D:2      | HP: 5/20 [poisoned by an adder]
  1111 | D:2      | HP: 2/20 [poisoned by an adder]
  1113 | D:2      | Reached skill level 7 in Ranged Weapons
  1357 | D:2      | Identified the +1 robe of Fedhas's Outrage {rElec rCorr
                  | Int-3 SInv}
  1447 | D:2      | Found a blossoming altar of Fedhas.
  1623 | D:2      | 1623 ||| FLEEEEING.
  1682 | D:2      | Reached XP level 4. HP: 22/25 MP: 6/6
  1817 | D:2      | 1817 ||| UPGRADING to +0 ring mail.
  1827 | D:2      | 1827 ||| UPGRADING to +1 robe of Fedhas's Outrage {rElec
                  | rCorr Int-3 SInv}.
  1837 | D:2      | 1837 ||| UPGRADING to +1 hat.
  1842 | D:2      | 1842 ||| DROPPING +0 scale mail.
  1843 | D:2      | 1843 ||| READING 2 scrolls labelled ICKIFOOSUI.
  1844 | D:2      | 1844 ||| READING scroll labelled XAIHOK HUGU.
  2006 | D:3      | Reached skill level 8 in Ranged Weapons
  2529 | D:3      | 2529 ||| DRINKING 2 lumpy golden potions.
  2543 | D:4      | Found a staircase to the Ecumenical Temple.
  2544 | D:4      | 2544 ||| PLANNING TEMPLE
  2549 | Temple   | Entered the Ecumenical Temple
  2550 | Temple   | 2550 ||| PLANNING OKAWARU WORSHIP
  2557 | Temple   | Became a worshipper of Warmaster Okawaru
  2558 | Temple   | 2558 ||| PLANNING D:1-11
  2617 | D:4      | Noticed a sky beast
  2632 | D:4      | Killed a sky beast
  2633 | D:4      | Reached XP level 5. HP: 10/29 MP: 7/7
  2751 | D:4      | Noticed Ijyb
  2754 | D:4      | 2754 ||| Stepping ~*~*~tactically~*~*~ (outnumbered).
  2755 | D:4      | Noticed Robin
  2756 | D:4      | 2756 ||| Stepping ~*~*~tactically~*~*~ (outnumbered).
  2758 | D:4      | 2758 ||| Stepping ~*~*~tactically~*~*~ (outnumbered).
  2776 | D:4      | Killed Ijyb
  2792 | D:4      | Killed Robin
  2874 | D:4      | Reached XP level 6. HP: 34/34 MP: 8/8
  2901 | D:4      | Reached skill level 9 in Ranged Weapons
  3038 | D:4      | Reached * piety under Okawaru
  3061 | D:4      | 3061 ||| INVOKING Heroism.
  3062 | D:4      | 3062 ||| INVOKING Heroism.
  3068 | D:4      | 3068 ||| Stepping ~*~*~tactically~*~*~ (outnumbered).
  3080 | D:4      | 3080 ||| INVOKING Heroism.
  3222 | D:4      | HP: 7/35 [hobgoblin (4)]
  3223 | D:4      | Reached skill level 10 in Ranged Weapons
  3223 | D:4      | Reached XP level 7. HP: 9/40 MP: 9/9
  3227 | D:4      | 3227 ||| FLEEEEING.
  3232 | D:4      | 3232 ||| FLEEEEING.
  3233 | D:4      | 3233 ||| FLEEEEING.
  3234 | D:4      | 3234 ||| FLEEEEING.
  3235 | D:4      | 3235 ||| FLEEEEING.
  3236 | D:4      | 3236 ||| FLEEEEING.
  3237 | D:4      | 3237 ||| FLEEEEING.
  3238 | D:4      | 3238 ||| FLEEEEING.
  3239 | D:4      | 3239 ||| FLEEEEING.
  3240 | D:4      | 3240 ||| FLEEEEING.
  3242 | D:4      | 3242 ||| FLEEEEING.
  3243 | D:4      | 3243 ||| FLEEEEING.
  3246 | D:4      | 3246 ||| FLEEEEING.
  3247 | D:4      | 3247 ||| FLEEEEING.
  3248 | D:4      | 3248 ||| FLEEEEING.
  3249 | D:4      | 3249 ||| FLEEEEING.
  3250 | D:4      | 3250 ||| FLEEEEING.
  3251 | D:4      | 3251 ||| FLEEEEING.
  3252 | D:4      | 3252 ||| FLEEEEING.
  3257 | D:4      | 3257 ||| STAIRDANCE
  3346 | D:3      | 3346 ||| UPGRADING to +0 helmet.
  3356 | D:3      | 3356 ||| DROPPING +1 hat.
  3357 | D:3      | 3357 ||| UPGRADING to amulet of regeneration.
  3836 | D:4      | 3836 ||| READING 2 scrolls labelled DOAMUED HYNI.
  3837 | D:4      | 3837 ||| DROPPING scroll of poison.
  3839 | D:4      | 3839 ||| Stepping ~*~*~tactically~*~*~ (cloud).
  3905 | D:5      | Entered Level 5 of the Dungeon
  3919 | D:5      | 3919 ||| INVOKING Heroism.
  4142 | D:5      | 4142 ||| Stepping ~*~*~tactically~*~*~ (outnumbered).
  4144 | D:5      | 4144 ||| Stepping ~*~*~tactically~*~*~ (outnumbered).
  4154 | D:5      | 4154 ||| Stepping ~*~*~tactically~*~*~ (outnumbered).
  4158 | D:5      | 4158 ||| INVOKING Heroism.
  4177 | D:5      | Reached skill level 11 in Ranged Weapons
  4177 | D:5      | 4177 ||| INVOKING Heroism.
  4370 | D:5      | Found a snail-covered altar of Cheibriados.
  4371 | D:5      | 4371 ||| READING 2 scrolls of identify.
  4371 | D:5      | 4371 ||| IDENTIFYING bubbling brown potion
  4463 | D:5      | Reached skill level 1 in Invocations
  4519 | D:5      | Reached skill level 12 in Ranged Weapons
  4519 | D:5      | Reached XP level 8. HP: 33/44 MP: 11/11
  4555 | D:5      | 4555 ||| INVOKING Heroism.
  4558 | D:5      | HP: 7/44 [ice beast (10)]
  4566 | D:5      | Reached skill level 3 in Invocations
  4571 | D:5      | HP: 8/45 [phantom (7)]
  4578 | D:5      | HP: 7/45 [gnoll/+0 spear (6)]
  4581 | D:5      | 4581 ||| INVOKING Heroism.
  4586 | D:5      | HP: 7/45 [gnoll/+0 spear (2)]
  4771 | D:5      | Reached skill level 3 in Fighting
  4962 | D:5      | 4962 ||| DRINKING 2 smoky inky potions.
  4963 | D:5      | 4963 ||| READING 3 scrolls of identify.
  4963 | D:5      | 4963 ||| IDENTIFYING viscous white potion
  4964 | D:5      | 4964 ||| READING 2 scrolls of identify.
  4964 | D:5      | 4964 ||| IDENTIFYING sapphire potion
  4965 | D:5      | 4965 ||| DROPPING potion of lignification.
  5047 | D:6      | Noticed Grinder
  5048 | D:6      | 5048 ||| INVOKING Heroism.
  5057 | D:6      | Killed Grinder
  5097 | D:6      | Identified the +4 spear of Success {heavy, rC+ Dex+3 SInv}
  5150 | D:6      | 5150 ||| INVOKING Heroism.
  5316 | D:6      | Found Ablebash's Book Shoppe.
  5330 | D:6      | Found a broken altar of Ashenzari.
  5544 | D:6      | 5544 ||| READING scroll labelled IVYTAO HOILO.
  5560 | D:7      | 5560 ||| STAIRDANCE
  5577 | D:7      | 5577 ||| STAIRDANCE
  5587 | D:6      | 5587 ||| INVOKING Heroism.
  5635 | D:7      | 5635 ||| FLEEEEING.
  5718 | D:7      | 5718 ||| INVOKING Heroism.
  5729 | D:7      | HP: 5/46 [killer bee (8)]
  5730 | D:7      | Reached skill level 13 in Ranged Weapons
  5730 | D:7      | 5730 ||| DRINKING potion of heal wounds.
  5740 | D:7      | 5740 ||| INVOKING Heroism.
  5796 | D:7      | Reached XP level 9. HP: 50/50 MP: 14/14
  5818 | D:7      | Found a transporter.
  5822 | D:7      | Found a basalt altar of Yredelemnul.
  5822 | D:7      | Noticed a two-headed ogre
  5822 | D:7      | Noticed a deep elf pyromancer
  5823 | D:7      | Found a transporter.
  5823 | D:7      | Found a radiant altar of Vehumet.
  5824 | D:7      | Found a sacrificial altar of Ru.
  5896 | D:7      | 5896 ||| INVOKING Heroism.
  5924 | D:7      | 5924 ||| INVOKING Heroism.
  5943 | D:7      | Reached skill level 14 in Ranged Weapons
  5949 | D:7      | HP: 10/50 [ogre/+0 giant spiked club (27)]
  5951 | D:7      | 5951 ||| FLEEEEING.
  5952 | D:7      | 5952 ||| FLEEEEING.
  5953 | D:7      | 5953 ||| FLEEEEING.
  5954 | D:7      | 5954 ||| FLEEEEING.
  5955 | D:7      | 5955 ||| FLEEEEING.
  5956 | D:7      | 5956 ||| FLEEEEING.
  5957 | D:7      | 5957 ||| FLEEEEING.
  5958 | D:7      | 5958 ||| FLEEEEING.
  5959 | D:7      | 5959 ||| FLEEEEING.
  5960 | D:7      | 5960 ||| FLEEEEING.
  5961 | D:7      | 5961 ||| FLEEEEING.
  5962 | D:7      | 5962 ||| FLEEEEING.
  5963 | D:7      | 5963 ||| FLEEEEING.
  5964 | D:7      | 5964 ||| FLEEEEING.
  5965 | D:7      | 5965 ||| FLEEEEING.
  5966 | D:7      | 5966 ||| FLEEEEING.
  5967 | D:7      | 5967 ||| FLEEEEING.
  5968 | D:7      | 5968 ||| FLEEEEING.
  5969 | D:7      | 5969 ||| FLEEEEING.
  5970 | D:7      | 5970 ||| FLEEEEING.
  5971 | D:7      | 5971 ||| STAIRDANCE
  5987 | D:6      | 5987 ||| READING 2 scrolls of identify.
  5987 | D:6      | 5987 ||| IDENTIFYING coppery potion
  5990 | D:7      | 5990 ||| STAIRDANCE
  5992 | D:6      | 5992 ||| INVOKING Heroism.
  5993 | D:6      | HP: 11/48 [wight/+3 dire flail of freezing (13)]
  5993 | D:6      | HP: 5/46 [wight/+3 dire flail of freezing (6)]
  5993 | D:6      | Slain by a wight

Levels and vault maps discovered:
D:1:      giann_forest_graveyard, layout_loops_corners, minmay_tetromino_s2
D:2:      layout_loops_ring, basic_altar
D:3:      layout_basic
D:4:      minmay_evil_eye, layout_basic, minmay_temple_entry_gardened_gates,
          st_stairs_5, nicolae_goblin_pals
D:5:      layout_basic, cheibrodos_worm_habitat, minmay_fractal_squares_5
D:6:      layout_basic, cheibrodos_ashenzari_chains, serial_shops, shop,
          grunt_decor_arrowhead, dk_noncrumbling_4, uniq_grinder
D:7:      layout_rooms, gammafunk_temple_overflow_arena, uniq_crazy_yiuf_cottage
Temple:   sentei_temple_godly_chess

Skill      XL: |  1  2  3  4  5  6  7  8  9 |
---------------+----------------------------+-----
Ranged Weapons | 6 7 8 10 12 13 14 | 14.0
Dodging        | 4 5 |  5.7
Fighting       | 2 3 |  3.0
Invocations    | 2 4 |  4.5
Stealth        | |  1.2

Action                     |  1- 3 |  4- 6 |  7- 9 || total
---------------------------+-------+-------+-------++-------
  Melee: Unarmed           |       |    17 |       ||    17
   Fire: Shortbow          |   148 |   186 |   369 ||   703
 Invoke: Heroism           |       |     2 |    13 ||    15
    Use: Scroll            |     5 |     2 |     6 ||    13
         Potion            |     1 |     1 |     2 ||     4
   Stab: Distracted        |       |     1 |       ||     1
         Confused          |       |     1 |       ||     1
 Armour: Leather armour    |    15 |       |       ||    15
         Scale mail        |    20 |       |       ||    20
         Robe              |       |    18 |    11 ||    29
  Dodge: Dodged            |    52 |    70 |   151 ||   273

Table legend:
 A = Non-vault XP
 B = Vault XP
 C = Vault XP percentage of total XP
 D = Non-vault monster count
 E = Vault monster count
 F = Vault count percentage of total count
                 A         B        C        D         E       F
            +---------+---------+-------+---------+---------+-------
      Total |    2566 |     816 |  24.1 |     121 |      27 |  18.2
            +---------+---------+-------+---------+---------+-------
        D:1 |      47 |       3 |   6.0 |      27 |       2 |   6.9
        D:2 |      48 |       0 |   0.0 |      12 |       0 |   0.0
        D:3 |      74 |       0 |   0.0 |      14 |       0 |   0.0
        D:4 |     453 |     158 |  25.9 |      28 |      16 |  36.4
        D:5 |     731 |     378 |  34.1 |      15 |       8 |  34.8
        D:6 |     261 |     277 |  51.5 |       8 |       1 |  11.1
        D:7 |     952 |       0 |   0.0 |      17 |       0 |   0.0
            +---------+---------+-------+---------+---------+-------
